 Dungeon Crawl Stone Soup version 0.16-a0-3843-ged98c6c (webtiles) character file.

807 kroki the Carver (level 7, 0/46 HPs)
             Began as an Octopode Fighter on Jan 30, 2015.
             Was an Initiate of Dithmenos.
             Slain by Grinder (4 damage)
             ... while paralysed by Grinder
             ... on level 5 of the Dungeon.
             The game lasted 00:09:56 (6165 turns).

kroki the Carver (Octopode Fighter)                 Turns: 6165, Time: 00:09:56

Health: 0/46       AC:  1    Str: 15    XL:     7   Next: 92%
Magic:  7/7        EV:  2    Int: 10    God:    Dithmenos [......]
Gold:   251        SH:  0    Dex: 14    Spells: 0 memorised, 6 levels left

rFire  . . .     SeeInvis .     a - +2 long sword
rCold  . . .     Clarity  .     y - +0 buckler
rNeg   . . .     SustAb   .     (helmet restricted)
rPois  .         Gourm    .     (no amulet)
rElec  .         Spirit   .     p - ring of stealth
rCorr  .         Warding  .     (no ring)
rMut   .         Stasis   .     (no ring)
MR     .....                    (no ring)
Stlth  +++.......               (no ring)
                                (no ring)
                                (no ring)
                                (no ring)

@: paralysed, about to teleport, not resistant to hostile enchantments, fairly
stealthy
A: almost no armour, amphibious, 8 rings, constrict 8, camouflage 1, gelatinous
body 1
a: Renounce Religion


You were on level 5 of the Dungeon.
You worshipped Dithmenos.
Dithmenos was noncommittal.
You were hungry.

You visited 2 branches of the dungeon, and saw 6 of its levels.

You collected 251 gold pieces.

Inventory:

Hand weapons
 a - a +2 long sword (weapon)
 h - a +0 hunting sling
   (You took it off a goblin on level 2 of the Dungeon)
Missiles
 f - 129 stones (quivered)
 g - 19 arrows
 j - 27 poisoned needles
Armour
 c - a +0 shield
 y - a +0 buckler (worn)
   (You found it on level 4 of the Dungeon)
Rods
 v - a +1 rod of inaccuracy (14/14) {!a}
   (You found it on level 3 of the Dungeon)
Jewellery
 p - a ring of stealth (left tentacle)
   (You found it on level 5 of the Dungeon)
Magical devices
 l - a wand of teleportation (2)
   (You found it on level 2 of the Dungeon)
 n - a wand of digging (13)
   (You took it off a hobgoblin on level 2 of the Dungeon)
 q - a wand of magic darts (18)
   (You found it on level 3 of the Dungeon)
Scrolls
 b - a scroll of remove curse
 i - a scroll of teleportation
 u - a scroll of magic mapping {unknown}
 z - a scroll of noise {unknown}
Potions
 e - a potion of cancellation {unknown}
 o - a potion of restore abilities {unknown}
 t - 2 potions of heal wounds {unknown}
 w - a potion of ambrosia {unknown}
 x - a potion of brilliance {unknown}
 A - a potion of invisibility {unknown}
 B - a potion of agility {unknown}
Comestibles
 d - 2 bread rations
 k - 5 fruits
 r - a beef jerky
 s - 3 meat rations


   Skills:
 - Level 3.0 Fighting
 + Level 8.8 Long Blades
 - Level 3.0 Dodging
 - Level 3.0 Shields


You had 6 spell levels left.
You didn't know any spells.

Dungeon Overview and Level Annotations

Branches:
Dungeon (5/15)             Temple (1/1) D:4

Altars:
Ashenzari
Dithmenos
Elyvilon
Fedhas
Gozag
Kikubaaqudgha
Makhleb
Nemelex Xobeh
Okawaru
Qazlal
Sif Muna
Trog
Vehumet
Yredelemnul
The Shining One

Shops:
D:4 :

Annotations:
D:2 Ijyb
D:3 Sigmund
D:5 Grinder


Innate Abilities, Weirdness & Mutations

You cannot wear most types of armour.
You are amphibious.
You can wear up to eight rings at the same time.
You can use your tentacles to constrict many enemies at once.
Your skin changes colour to match your surroundings (Stealth).
Your rubbery body absorbs attacks (AC +1).


Message History

The stone hits the phantom but does no damage.
You barely miss the phantom. Your squeeze misses the phantom.
The phantom hits you!
The phantom blinks!
You closely miss the phantom.
You squeeze the phantom, but do no damage.
You block the phantom's attack.
You closely miss the phantom. Your squeeze misses the phantom.
The phantom hits you.
You are too injured to fight recklessly!
You hit the phantom.
The phantom is lightly damaged.
The phantom hits you.
The phantom blinks!
The helpless giant gecko zombie fails to defend itself.
You slash the giant gecko zombie!
You destroy the giant gecko zombie!
Dithmenos accepts your kill.
You miss the phantom.
The phantom is lightly damaged.
The phantom hits you.
You slash the phantom! Your squeeze misses the phantom.
The phantom is moderately damaged.
The phantom hits you.
You closely miss the phantom. You squeeze the phantom.
The phantom is moderately damaged.
The phantom hits you.
The phantom blinks!
Drink which item? (? for menu, Esc to quit)
Okay, then.
Read which item? (? for menu, Esc to quit)
Enchant which weapon? (? for menu, Esc to quit)
As you read the scroll of enchant weapon, it crumbles to dust.
Your +1 long sword glows red for a moment.
The phantom blinks!
Read which item? (? for menu, Esc to quit)
As you read the scroll of teleportation, it crumbles to dust.
You feel strangely unstable.
You swing at nothing.
You hit the phantom. Your squeeze misses the phantom.
The phantom is heavily damaged.
The phantom blinks!
You swing at nothing.
Your surroundings suddenly seem different.
Grinder comes into view.
Grinder gestures.
Grinder blinks!
An adder comes into view.
Read which item? (? for menu, Esc to quit)
As you read the scroll of teleportation, it crumbles to dust.
You feel strangely unstable.
You swing at nothing.
You slash Grinder! Your grab misses Grinder. You squeeze Grinder!
Grinder is heavily wounded.
Grinder hits you!
* * * LOW HITPOINT WARNING * * *
You writhe in agony.
* * * LOW HITPOINT WARNING * * *
You slash Grinder! You grab Grinder. You squeeze Grinder.
Grinder is severely wounded.
You constrict Grinder. Grinder gestures at you.
You suddenly lose the ability to move!
You lose your grip on Grinder.
Grinder hits you.
* * * LOW HITPOINT WARNING * * *
You writhe in agony.
You die...

...... .
.#.#
#......
.... .#.#
#.......
..... ....
#........
.... .
#........
...
#.......#
.. .......#
.# ..######
##5#
...(.###
#@.#
#......#.#
#.##
.........#
#.#
.........#
#.#
..........#
#.#
...........
#.#
.........##
..S
.........#
...
........##
##.


You could see Grinder and an adder (sleeping).

Vanquished Creatures
  A phantom (D:4)
  A black bear (D:5)
  An ice beast (D:4)
  A scorpion (D:5)
  A crimson imp (D:4)
  A giant frog zombie (D:5)
  2 orc priests (D:3)
  An orc wizard (D:3)
  2 worker ants (D:5)
  A hound skeleton (D:4)
  13 adders
  5 worms
  A giant gecko (D:1)
  An ooze (D:2)
  5 orcs
  2 ball pythons
  4 giant cockroaches
  8 goblins
  10 hobgoblins
  6 jackals
  15 kobolds
  3 quokkas
  14 bats
  A giant cockroach zombie (D:5)
  A giant gecko zombie (D:5)
  3 giant newts
  2 goblin skeletons (D:4)
  2 hobgoblin zombies (D:4)
  2 kobold zombies (D:4)
  2 orc skeletons (D:4)
  An orc zombie (D:4)
  A quokka skeleton (D:3)
  17 rats
  A plant (D:2)
132 creatures vanquished.

Notes
Turn   | Place    | Note
--------------------------------------------------------------
     0 | D:1      | kroki, the Octopode Fighter, began the quest for the Orb.
     0 | D:1      | Reached XP level 1. HP: 16/16 MP: 1/1
    99 | D:1      | Reached XP level 2. HP: 13/21 MP: 2/2
   380 | D:1      | Reached skill level 3 in Long Blades
   560 | D:1      | Reached XP level 3. HP: 24/26 MP: 3/3
  1290 | D:2      | Reached skill level 4 in Long Blades
  1385 | D:2      | Reached XP level 4. HP: 27/31 MP: 4/4
  1920 | D:2      | Noticed Ijyb
  2340 | D:2      | Reached skill level 5 in Long Blades
  2340 | D:2      | Reached XP level 5. HP: 36/36 MP: 5/5
  2896 | D:3      | Identified a +1 rod of inaccuracy (14/14) {!a} (You found it on level 3 of the Dungeon)
  2986 | D:3      | Noticed Sigmund
  3283 | D:3      | Reached skill level 6 in Long Blades
  3338 | D:3      | Reached XP level 6. HP: 26/42 MP: 6/6
  3951 | D:4      | Found Edaes' Book Shop.
  3965 | D:4      | Found a glowing golden altar of the Shining One.
  4262 | D:4      | Reached skill level 7 in Long Blades
  4262 | D:4      | Reached XP level 7. HP: 6/46 MP: 7/7
  4606 | D:4      | Found a staircase to the Ecumenical Temple.
  4613 | Temple   | Entered the Ecumenical Temple
  4791 | Temple   | Became a worshipper of Dithmenos the Shadowed
  4831 | D:4      | Found a stormy altar of Qazlal.
  5047 | D:4      | Found a bloodstained altar of Trog.
  5047 | D:4      | Found an ancient bone altar of Kikubaaqudgha.
  5264 | D:4      | Found a deep blue altar of Sif Muna.
  5544 | D:5      | Entered Level 5 of the Dungeon
  5544 | D:5      | Found a radiant altar of Vehumet.
  5571 | D:5      | Found a burning altar of Makhleb.
  5694 | D:4      | Reached skill level 8 in Long Blades
  6144 | D:5      | kroki: hi
  6161 | D:5      | Noticed Grinder
  6162 | D:5      | BLOAX: hi
  6164 | D:5      | Paralysed by Grinder for 7 turns
  6165 | D:5      | Slain by Grinder

Action                   |  1- 3 |  4- 6 |  7- 9 || total
-------------------------+-------+-------+-------++-------
Melee: Long sword        |    60 |   156 |    70 ||   286
Throw: Stone             |    92 |   153 |    62 ||   307
       Throwing net      |       |       |     1 ||     1
Evoke: Rod               |       |       |     2 ||     2
  Use: Scroll            |       |     9 |     3 ||    12
       Potion            |       |     2 |     1 ||     3
 Stab: Sleeping          |     1 |       |     1 ||     2
  Eat: Meat ration       |     1 |       |       ||     1
       Chunk             |       |     6 |     1 ||     7
       Bread ration      |       |       |     1 ||     1
